Map: New Repugnancy LE

Players

Serral - Winner!

  • Race: Zerg Zerg
  • Spawn Location: 7:00

Reynor

  • Race: Zerg Zerg
  • Spawn Location: 1:00

Event: 2019 WCS Spring

VOD

Have the link to the VOD?

Description

Time

  • Played on: May 19, 2019, 12:24 p.m.
  • Length: 7:31

All games in this series

Show
View Real Time Build Order
Export as new Build Order

Serral Zerg - Winner!

Build Orders: Hatch First 

Get SALT Encoding   

  12  0:00  Drone  
  13  0:12  Overlord  
  13  0:17  Drone  
  14  0:31  Drone x2  
  16  0:48  Hatchery  
  15  0:51  Drone  
  15  0:55  Drone  
  17  0:57  Drone  
  18  1:08  Extractor  
  17  1:13  Spawning Pool  
  17  1:16  Drone  
  17  1:20  Drone  
  18  1:27  Drone  
  19  1:38  Drone  
  20  1:49  Drone  
  21  1:59  Overlord  
  21  2:00  Queen x2  
  21  2:01  Zergling x2  
  26  2:08  Metabolic Boost  
  26  2:10  Drone  
  26  2:11  Drone  
  28  2:21  Drone x2  
  30  2:35  Hatchery  
  29  2:39  Drone  
  29  2:42  Drone  
  31  2:48  Baneling Nest  
  30  2:52  Overlord  
  30  2:54  Drone x2  
  32  3:10  Zergling x8  
  32  3:12  Zergling x8  
  40  3:17  Overlord  
  40  3:19  Zergling x2  
  41  3:26  Zergling x2  
  42  3:32  Baneling  
  42  3:33  Baneling  
  42  3:37  Drone  
  42  3:38  Drone  
  44  3:42  Drone x2  
  44  3:43  Evolution Chamber  
  44  3:46  Overlord  
  44  3:47  Drone x2  
  47  3:50  Drone  
  47  3:54  Overlord  
  47  3:58  Baneling  
  47  3:59  Baneling  
  47  4:00  Drone x3  
  49  4:05  Queen  
  49  4:08  Drone  
  52  4:13  Drone  
  54  4:17  Drone x2  
  54  4:20  Zerg Ground Armor Level 1  
  54  4:22  Zergling x4  
  52  4:25  Zergling x4  
  52  4:28  Drone x2  
  56  4:32  Extractor x2  
  56  4:38  Roach Warren  
  53  4:42  Baneling  
  53  4:44  Zergling x4  
  53  4:45  Zergling x4  
  56  4:47  Baneling  
  56  4:50  Drone x2  
  57  4:53  Drone x2  
  57  4:57  Overlord  
  59  5:00  Overlord  
  59  5:01  Overlord  
  59  5:04  Zergling x8  
  63  5:22  Drone x2  
  63  5:24  Baneling x2  
  63  5:29  Roach x6  
  63  5:32  Roach x3  
  83  5:35  Roach  
  82  5:43  Roach x4  
  82  5:49  Roach x2  
  93  5:52  Roach  
  93  5:55  Overlord  
  94  5:58  Roach x2  
  94  6:00  Roach  
  97  6:05  Overlord x2  
  97  6:11  Overlord  
  97  6:15  Zergling x10  
  97  6:18  Zergling x4  
  104  6:20  Baneling x3  
  104  6:21  Baneling x2  
  104  6:22  Baneling x2  
  104  6:27  Zergling x4  
  104  6:28  Zergling x4  
  108  6:35  Zergling x8  
  112  6:45  Zergling x14  
  117  6:54  Zergling x4  
  115  6:56  Zergling x2  
  115  6:58  Roach  
  112  7:03  Zergling x10  
  112  7:05  Ravager  
  112  7:08  Zergling x8  
  119  7:10  Ravager x2  
  119  7:15  Ravager  
Show
View Real Time Build Order
Export as new Build Order

Reynor Zerg 

Build Orders: Hatch First, Zergling Baneling 

Get SALT Encoding   

  12  0:00  Drone  
  13  0:12  Overlord  
  13  0:17  Drone  
  14  0:30  Drone x2  
  16  0:48  Hatchery  
  15  0:52  Drone  
  15  0:55  Drone  
  17  0:58  Drone  
  18  1:09  Extractor  
  17  1:15  Spawning Pool  
  17  1:17  Drone  
  17  1:20  Drone  
  18  1:28  Drone  
  20  1:40  Drone  
  20  1:49  Drone  
  21  1:59  Overlord  
  21  2:01  Queen x2  
  21  2:02  Drone  
  26  2:10  Drone x2  
  26  2:12  Metabolic Boost  
  28  2:21  Zergling x2  
  30  2:22  Drone  
  30  2:35  Hatchery  
  29  2:37  Drone  
  29  2:39  Drone  
  29  2:43  Drone  
  32  2:48  Baneling Nest  
  32  2:50  Drone  
  32  2:54  Overlord  
  32  2:57  Drone  
  33  3:05  Zergling x4  
  35  3:08  Drone  
  35  3:12  Drone x4  
  40  3:15  Overlord  
  40  3:18  Zergling x2  
  41  3:21  Zergling x2  
  42  3:27  Drone  
  42  3:31  Baneling x2  
  43  3:34  Baneling x2  
  43  3:35  Zergling x2  
  43  3:36  Queen  
  43  3:39  Baneling  
  43  3:40  Baneling  
  46  3:42  Zergling x8  
  46  3:45  Zergling x2  
  51  3:48  Overlord  
  49  4:01  Zergling x8  
  49  4:02  Drone x2  
  54  4:08  Drone  
  55  4:10  Overlord  
  55  4:13  Drone  
  55  4:15  Evolution Chamber  
  54  4:18  Drone  
  54  4:22  Drone  
  54  4:23  Drone  
  57  4:28  Drone  
  57  4:30  Drone  
  59  4:32  Baneling  
  59  4:36  Drone  
  59  4:38  Drone  
  61  4:40  Overlord  
  61  4:41  Drone x2  
  61  4:43  Drone  
  63  4:51  Drone x4  
  66  4:53  Drone  
  66  4:54  Zerg Missile Weapons Level 1  
  66  4:55  Overlord  
  66  4:56  Baneling  
  66  4:57  Drone  
  68  5:01  Extractor  
  68  5:02  Extractor  
  68  5:03  Drone  
  68  5:05  Roach Warren  
  68  5:06  Drone x2  
  68  5:10  Drone x2  
  68  5:11  Drone  
  68  5:13  Lair  
  68  5:14  Drone  
  71  5:15  Extractor  
  71  5:17  Extractor, Drone  
  70  5:21  Baneling  
  70  5:24  Overlord  
  70  5:25  Drone x4  
  74  5:32  Baneling  
  74  5:33  Zergling x8  
  74  5:34  Zergling x2  
  74  5:35  Baneling  
  78  5:42  Baneling x3  
  77  5:52  Drone  
  77  5:53  Drone x5  
  77  5:55  Overlord  
  76  5:57  Drone  
  76  6:01  Drone x2  
  76  6:02  Drone x2  
  78  6:06  Extractor  
  78  6:08  Drone x2  
  79  6:12  Roach  
  79  6:14  Spine Crawler  
  79  6:15  Hatchery, Spine Crawler x2  
  79  6:17  Roach  
  79  6:18  Baneling x3  
  79  6:21  Roach, Spine Crawler x2  
  79  6:22  Roach  
  79  6:23  Roach x2  
  79  6:24  Roach  
  88  6:26  Baneling x2  
  88  6:27  Baneling x2  
  88  6:28  Roach  
  88  6:29  Queen x2  
  88  6:31  Roach  
  88  6:32  Roach  
  98  6:34  Roach  
  98  6:45  Roach x2  
  98  6:46  Roach x4  
  100  6:51  Roach x2  
  99  6:54  Roach x2  
  99  6:56  Roach  
  99  6:57  Roach  
  99  6:58  Zergling x2  
  99  7:00  Roach, Zergling x2  
  100  7:03  Roach  
  100  7:05  Ravager  
  100  7:06  Ravager  
  100  7:07  Roach, Zergling x2  
  96  7:10  Roach  
  96  7:11  Zergling x2  
Tags
 
Add a new tag
Caveats
  • Supply blocks, unpowered buildings, or Contaminate may cause inaccurate times.
  • Supply counts are checked every 10 seconds.